[Event "St Kilda East and Caulfield Chess Club T3 2025 OPEN Thursdays"]
[Site "st kilda east, Australia"]
[Date "2025.08.14"]
[Round "3.1"]
[White "Hendrey, Thomas"]
[Black "Bambridge, Greg"]
[Result "1-0"]
[TimeControl "60 minutes per player per game plus 10 seconds from move 1"]
[WhiteElo "1919"]
[BlackElo "1378"]

1. d4 Nf6 2. c4 e6 3. Nf3 b6 4. a3 Bb7 5. Bf4 Be7 6. Nc3 d6 7. e3 O-O 8. Bd3 Nbd7 9. e4 c5 10.
d5 e5 11. Bd2 Re8 12. Rg1 Nf8 13. g4 N6d7 14. Ne2 Ng6 15. Qc2 Rc8 16. g5 b5 17. cxb5 c4 18. Bxc4 Nc5 19. b4 Nd7 20. Qb3 Nb6 21.
Bd3 Qd7 22. a4 Bf8 23. Nc3 Rxc3 24. Bxc3 Nxd5 25. exd5 e4 26. O-O-O exd3 27. Rxd3 Nf4 28. Rgd1 Nxd3+ 29. Rxd3 Qf5 30.
Qd1 Bxd5 31. Rxd5 Qf4+ 32. Kb2 Qe4 33. Qd3 Qe7 34. Rxd6 Qc7 35. Rd7 Qf4 36. Rd4 Qc7 37. Nd2 Qxh2 38. Rd8 Re6 39. Bd4 Qc7 40. Bc5 Qe5+ 41. Kb3 Re8 42. Qd7 Rxd8 43.
Qxd8 Qe6+ 44. Nc4 Qh3+ 45. Ka2 1-0

[Event "St Kilda East and Caulfield Chess Club T3 2025 OPEN Thursdays"]
[Site "st kilda east, Australia"]
[Date "2025.08.14"]
[Round "3.2"]
[White "Kalisch, Tom"]
[Black "Milic, James"]
[Result "0-1"]
[TimeControl "60 minutes per player per game plus 10 seconds from move 1"]
[WhiteElo "1506"]
[BlackElo "1368"]

1. e4 c6 2. d4 d5 3. e5 c5 4. dxc5 e6 5. Bd3 Nc6 6. Nf3 Bxc5 7. a3 f6 8. Qe2 fxe5 9. Nxe5 Nxe5 10.
Qxe5 Nf6 11. Bb5+ Kf7 12. O-O Qb6 13. Bd3 Bxf2+ 14. Kh1 Bd4 15. Qh5+ Ke7 16. Bg5 Bxb2 17. Ra2 e5 18. Nd2 Bc3 19.
Qh4 h6 20. Rb1 Qd4 21. Bxf6+ gxf6 22. Qxd4 Bxd4 23. Nb3 Be3 24. c3 b6 25. Re2 Bc5 26. Bb5 Bb7 27. Bd3 Kd6 28. a4 Bc6 29.
a5 h5 30. Rf1 Raf8 31. Ba6 h4 32. h3 Rhg8 33. Nxc5 bxc5 34. Ref2 Ke7 35. Re1 Rg3 36. Rc1 Rfg8 37. Bf1 d4 38.
Kh2 d3 39. Re1 e4 40. Rd2 c4 0-1

[Event "St Kilda East and Caulfield Chess Club T3 2025 OPEN Thursdays"]
[Site "st kilda east, Australia"]
[Date "2025.08.14"]
[Round "3.3"]
[White "Hird, Jasper"]
[Black "Bo, Jeremie"]
[Result "1-0"]
[TimeControl "60 minutes per player per game plus 10 seconds from move 1"]
[WhiteElo "1459"]
[BlackElo "473"]

1. e4 e5 2. Nf3 Nc6 3. Bc4 Nf6 4. d3 Bc5 5. O-O d6 6. c3 O-O 7. h3 Be6 8. Nbd2 d5 9. exd5 Nxd5 10.
Re1 Bd6 11. Ne4 Na5 12. Bb5 c6 13. Ba4 f5 14. Nxd6 Qxd6 15. Nxe5 Rae8 16. d4 Nb6 17. Bf4 Qe7 18. b4 Nac4 19.
Bb3 Nd6 20. Ng6 Qf6 21. Nxf8 Qxf8 22. Rxe6 Rxe6 23. Bxe6+ Kh8 24. Qh5 1-0

[Event "St Kilda East and Caulfield Chess Club T3 2025 OPEN Thursdays"]
[Site "st kilda east, Australia"]
[Date "2025.08.14"]
[Round "3.4"]
[White "Ramachandran, Prashanth"]
[Black "Sandler, Leonid"]
[Result "0-1"]
[TimeControl "60 minutes per player per game plus 10 seconds from move 1"]
[WhiteElo "1318"]
[BlackElo "2279"]

1. e4 c5 2. Nf3 e6 3. d4 cxd4 4. Nxd4 Nc6 5. Nc3 d6 6. Be3 Nf6 7. f3 Be7 8. Qd2 O-O 9. O-O-O a6 10. Kb1 Qc7 11. h4 b5 12. g4 Bb7 13. h5 Nxd4 14.
Bxd4 e5 15. Be3 b4 16. Nd5 Nxd5 17. exd5 Rfc8 18. g5 a5 19. g6 Bf6 20. gxf7+ Qxf7 21. Bh3 Kh8 22. Bxc8 Rxc8 23. h6 g6 24.
f4 exf4 25. Bxf4 a4 26. Bxd6 b3 27. axb3 axb3 28. c3 Ra8 29. Ba3 Bc8 30. Qg2 Bf5+ 31. Kc1 Rxa3 32. bxa3 Bxc3 33. Rdf1 b2+ 34.
Qxb2 Bxb2+ 35. Kxb2 Qxd5 36. Rc1 Qd2+ 37. Ka1 Be6 0-1

[Event "St Kilda East and Caulfield Chess Club T3 2025 OPEN Thursdays"]
[Site "st kilda east, Australia"]
[Date "2025.08.14"]
[Round "3.5"]
[White "Gorelick, Zac"]
[Black "Hennessy, Maurice"]
[Result "0-1"]
[TimeControl "60 minutes per player per game plus 10 seconds from move 1"]
[WhiteElo "742"]
[BlackElo "1255"]

1. d4 Nf6 2. Nf3 g6 3. e3 d5 4. Bd3 Bg7 5. O-O O-O 6. b3 Nc6 7. Bb2 Re8 8. Ne5 Nxe5 9. dxe5 Ng4 10.
h3 Nxe5 11. f4 Nxd3 12. Bxg7 Kxg7 13. Qxd3 Bf5 14. Qd2 Kg8 15. Nc3 c6 16. Rfe1 e5 17. Ne2 exf4 18. exf4 Qb6+ 19. Kh1 Qf2 20.
Rad1 Be4 21. Nd4 Bxg2+ 22. Kh2 Qxd2 23. Rxd2 Rxe1 24. Kxg2 Rae8 0-1

[Event "St Kilda East and Caulfield Chess Club T3 2025 OPEN Thursdays"]
[Site "st kilda east, Australia"]
[Date "2025.08.14"]
[Round "3.6"]
[White "Bo, Jamie"]
[Black "Beckman, John"]
[Result "0-1"]
[TimeControl "60 minutes per player per game plus 10 seconds from move 1"]
[WhiteElo "546"]
[BlackElo "1201"]

1. e4 d6 2. d4 Nf6 3. Nc3 c6 4. Bg5 Qa5 5. Bd2 Qb6 6. Rb1 e5 7. Be3 Ng4 8. Be2 Nxe3 9. fxe3 Be7 10.
Nf3 O-O 11. O-O Bg4 12. Qd3 Qc7 13. b3 Nd7 14. Rbd1 Rad8 15. Qd2 h6 16. a4 a5 17. Bc4 Nb6 18. Be2 Be6 19. Qe1 f5 20.
exf5 Bxf5 21. e4 Bh7 22. Qg3 Bf6 23. dxe5 dxe5 24. Nh4 Rxd1 25. Rxd1 Qe7 26. Nf5 Bxf5 27. exf5 Qc5+ 28. Kh1 Nd5 29.
Nxd5 cxd5 30. Qd3 Rd8 31. Qd2 e4 32. Rc1 Bg5 33. Qd1 Bxc1 34. Qxc1 Rf8 35. Bg4 d4 36. Qd2 e3 37. Qd3 Kh8 38.
h3 Qe5 39. Kg1 Re8 40. Be2 Rf8 41. Bg4 Qf4 42. c3 Qf2+ 43. Kh2 Qd2 44. Qxd4 Qxd4 45. cxd4 Rd8 46. Be2 Rxd4 47. Kg3 Re4 48.
Kf3 Re7 49. g4 Kg8 50. Kf4 Kf7 51. h4 Kf6 52. g5+ hxg5+ 53. hxg5+ Kf7 54. Bc4+ Ke8 55. Be2 b6 56. Kf3 Kd7 57.
Bc4 Kd8 58. Be6 g6 59. Ke2 gxf5 60. Bxf5 Ke8 61. g6 Kf8 62. Bd3 Kg7 63. Kd1 Re6 64. Be2 Kxg6 65. Bc4 Re5 66. Be2 Kg5 67.
Kc2 Kf4 68. Kd3 Rd5+ 69. Kc4 Rc5+ 70. Kd4 Re5 71. Kd3 Rd5+ 72. Kc4 Rd2 73. Bd3 Rxd3 74. Kxd3 Kf3 0-1